 Dungeon Crawl Stone Soup version 0.27.0-1-g7a089689b8 (webtiles) character file.

Game seed: 627954363995686862

137 funkygono the Chiller (level 5, -2/38 HPs)
             Began as a Ghoul Ice Elementalist on Aug 16, 2021.
             Killed from afar by Sigmund (10 damage)
             ... with a puff of flame
             ... on level 3 of the Dungeon.
             The game lasted 00:07:08 (3642 turns).

funkygono the Chiller (Ghoul Ice Elementalist)      Turns: 3642, Time: 00:07:09

Health: -2/38      AC:  2    Str: 12    XL:     5   Next: 20%
Magic:  4/8        EV: 12    Int: 11    God:
Gold:   89         SH:  0    Dex:  9    Spells: 3/10 levels left

rFire    . . .     SeeInvis .   (no weapon)
rCold    + . .     Faith    .   (no shield)
rNeg     + + +     Spirit   .   a - +0 robe
rPois    ∞         Reflect  .   (no helmet)
rElec    .         Harm     .   (no cloak)
rCorr    .         Rampage  .   (no gloves)
Will     .....                  (no boots)
Stlth    ++........             (no amulet)
HPRegen  0.00/turn              (no ring)
MPRegen  0.11/turn              (no ring)

@: inhibited regen
A: claws 1, cold resistance 1, negative energy resistance 3, inhibited
regeneration, torment resistance 2
a: no special abilities


You were on level 3 of the Dungeon.
You visited 1 branch of the dungeon, and saw 3 of its levels.

You collected 89 gold pieces.

Inventory:

Hand Weapons
 c - a +1 dagger of venom
Armour
 a - a +0 robe (worn)
Wands
 j - a wand of flame (9)
Scrolls
 h - 3 scrolls of identify
Potions
 b - a potion of flight {unknown}
 d - 2 potions of curing {unknown}
 e - a potion of ambrosia
 f - a potion of brilliance
 g - 2 potions of heal wounds
 i - a potion of attraction {unknown}


   Skills:
 + Level 2.2 Dodging
 - Level 2.1 Stealth
 + Level 0.6 Unarmed Combat
 + Level 3.2 Spellcasting
 + Level 5.5 Ice Magic


You had 3 spell levels left.
You knew the following spells:

 Your Spells              Type           Power      Damage    Failure   Level
a - Freeze                Ice            52%        1d7       2%          1
b - Frozen Ramparts       Ice            26%        1d4       8%          3
c - Ozocubu's Armour      Ice            13%        N/A       8%          3

Your spell library contained the following spells:

 Spells                   Type           Power      Damage    Failure   Level
 Hailstorm                Conj/Ice       7%         3d4       63%         4


Dungeon Overview and Level Annotations

Branches:
Dungeon (3/15)

Altars:
Zin

Annotations:
D:3 Grinder, Sigmund


Innate Abilities, Weirdness & Mutations

You thrive by killing the living.
You are immune to poison.
You have sharp fingernails.
Your flesh is cold resistant. (rC+)
You are immune to negative energy. (rN+++)
You do not regenerate when monsters are visible.
You are immune to unholy pain and torment.


Message History

Sorry, you're not good enough to have a special ability.
Unknown command.
You're too confused to cast spells.
Sorry, you're not good enough to have a special ability.
Unknown command.
You're too confused to cast spells.
Sorry, you're not good enough to have a special ability.
Unknown command.
Unknown command.
You're too confused to cast spells.
Sorry, you're not good enough to have a special ability.
Unknown command.
You bump into the rock wall.
Sigmund closely misses you.
You bump into the rock wall.
Sigmund hits you with a +0 scythe.
You bump into the rock wall.
Sigmund hits you with a +0 scythe.
You barely miss Sigmund.
Sigmund is almost dead.
Sigmund closely misses you.
You're too confused to cast spells.
Sorry, you're not good enough to have a special ability.
You're too confused to cast spells.
Unknown command.
You're too confused to move!
Sigmund casts a spell at you. You resist with some effort.
Sigmund hits you with a +0 scythe.
You bump into the rock wall.
Sigmund points at you and mumbles some strange words.
The puff of flame hits you!
* * * LOW HITPOINT WARNING * * *
You're too confused to cast spells.
Sorry, you're not good enough to have a special ability.
Unknown command.
Okay, then.
Sigmund closely misses you.
You're too confused to move!
You feel less confused. Sigmund gestures at you while chanting.
The puff of flame hits you!
You die...

##..#........#
.....###.##.## .....#
.....# #.##)# ......###
.....# #.##.# ........#
......##.##.# #.......#
......##.##.#####.......#
#####.##.##.##..........#
.##.##.##.##.......#
..#....##..@.......#
#........#.@.....#
#<......?..#.#.###
#...#......#.# ..
##.)#......#.# .# #.
#......#.# #
..>.......#.#
###.#.######.# #.#. #.#


You could see Sigmund.

Vanquished Creatures
  Ijyb (D:3)
  2 adders (D:2)
  A worm (D:2)
  3 dart slugs
  9 orcs (D:3)
  10 endoplasms
  A giant cockroach (D:2)
  3 goblins
  6 hobgoblins
  6 jackals
  2 quokkas
  7 ball pythons
  6 bats
  5 frilled lizards
  7 kobolds
  5 rats
74 creatures vanquished.

Vanquished Creatures (others)
  11 plants (D:1)
11 creatures vanquished.

Grand Total: 85 creatures vanquished

Notes
Turn   | Place    | Note
-------+----------+-------------------------------------------
     0 | D:1      | funkygono the Ghoul Ice Elementalist began the quest for
                  | the Orb.
     0 | D:1      | Reached XP level 1. HP: 14/14 MP: 2/2
   171 | D:1      | Found a faded altar of an unknown god.
   185 | D:1      | Reached XP level 2. HP: 20/20 MP: 0/3
   490 | D:1      | Reached skill level 5 in Ice Magic
   873 | D:1      | Reached XP level 3. HP: 24/26 MP: 2/5
   877 | D:1      | Learned a level 3 spell: Frozen Ramparts
  1999 | D:2      | Reached XP level 4. HP: 33/33 MP: 0/6
  2621 | D:2      | Learned a level 3 spell: Ozocubu's Armour
  2963 | D:3      | Noticed Grinder
  2983 | D:3      | Paralysed by Grinder for 2 turns
  2997 | D:3      | Paralysed by Grinder for 6 turns
  3194 | D:3      | Noticed an angel
  3441 | D:3      | Noticed Ijyb
  3457 | D:3      | HP: 1/33 [Ijyb (6)]
  3467 | D:3      | Killed Ijyb
  3468 | D:3      | Reached XP level 5. HP: 21/38 MP: 1/8
  3619 | D:3      | Noticed Sigmund
  3642 | D:3      | Killed from afar by Sigmund

Illustrated notes

Levels and vault maps discovered:
D:1:      dpeg_arrival_fog, layout_basic, dreamdust_ecumenical_altar_statues,
          lexackson_kobold_supper
D:2:      layout_rooms
D:3:      layout_basic, zin_angel, uniq_sigmund, uniq_grinder, uniq_ijyb,
          uniq_robin

Skill      XL: |  1  2  3  4 |
---------------+-------------+-----
Spellcasting   | 2 3 |  3.2
Ice Magic      | 5 |  5.5
Dodging        | 2 |  2.2
Stealth        | |  2.1
Unarmed Combat | |  0.6

Action                   |  1- 3 |  4- 6 || total
-------------------------+-------+-------++-------
Melee: Unarmed           |    39 |    58 ||    97
 Cast: Freeze            |    64 |    45 ||   109
       Frozen Ramparts   |     1 |     5 ||     6
       Ozocubu's Armour  |       |     3 ||     3
  Use: Scroll            |     3 |       ||     3
       Potion            |       |     1 ||     1
Armor: Robe              |     3 |     7 ||    10
Dodge: Dodged            |    43 |    61 ||   104
